 Dungeon Crawl Stone Soup version 0.28-a0-43-g560ac104fe (webtiles) character file.

Game seed: 125879641093601914

18 ipx the Chiller (level 2, 0/15 HPs)
             Began as a Deep Elf Ice Elementalist on July 29, 2021.
             Was a Follower of Elyvilon.
             Slain by a jackal (1 damage)
             ... on level 1 of the Dungeon.
             The game lasted 00:01:53 (121 turns).

ipx the Chiller (Deep Elf Ice Elementalist)          Turns: 121, Time: 00:01:54

Health: 0/15       AC:  2    Str:  5    XL:     2   Next: 51%
Magic:  3/8        EV: 12    Int: 19    God:    Elyvilon [*.....]
Gold:   4          SH:  0    Dex: 15    Spells: 6/7 levels left

rFire   . . .      SeeInvis .   (no weapon)
rCold   . . .      Faith    .   (no shield)
rNeg    . . .      Spirit   .   a - +0 robe
rPois   .          Reflect  .   (no helmet)
rElec   .          Harm     .   (no cloak)
rCorr   .          Rampage  .   (no gloves)
Will    .....                   (no boots)
Stlth   ++........              (no amulet)
HPRegen 0.05/turn               (no ring)
MPRegen 0.11/turn               (no ring)

@: no status effects
A: no striking features
a: Renounce Religion, Lesser Healing, Divine Protection


You were on level 1 of the Dungeon.
You worshipped Elyvilon.
Elyvilon was aware of your devotion.
You visited 1 branch of the dungeon, and saw 2 of its levels.

You collected 4 gold pieces.

Inventory:

Armour
 a - a +0 robe (worn)
Scrolls
 b - a scroll of identify {unknown}


   Skills:
 - Level 2.4 Dodging
 - Level 2.4 Stealth
 - Level 3.0 Spellcasting
 + Level 5.2 Ice Magic


You had 6 spell levels left.
You knew the following spells:

 Your Spells              Type           Power      Damage    Failure   Level
z - Freeze                Ice            88%        1d10      1%          1

Your spell library contained the following spells:

 Spells                   Type           Power      Damage    Failure   Level
 Frozen Ramparts          Ice            44%        1d6       5%          3
 Ozocubu's Armour         Ice            22%        N/A       5%          3
 Hailstorm                Conj/Ice       12%        3d5       45%         4


Dungeon Overview and Level Annotations

Branches:
Dungeon (2/15)

Altars:
Elyvilon
Makhleb


Message History

There is a stone staircase leading down here.
The jackal closely misses you.
You climb downwards.
There is a stone staircase leading up here.
You hit the jackal.
The jackal is moderately wounded.
The jackal closely misses you. The jackal bites you.
* * * LOW HITPOINT WARNING * * *
You barely miss the jackal.
The jackal is moderately wounded.
The jackal closely misses you.
Casting: Freeze (safe; 1% risk of failure)
Confirm with . or Enter, or press ? or * to list all spells.
Aiming: Freeze (safe; 1% risk of failure)
Press: ? - help, Shift-Dir - straight line, f - jackal
Aim: a jackal (moderately wounded)
You freeze the jackal.
You kill the jackal!
Found a faded altar of an unknown god.
b - a scroll labelled ONUPAXZ SEER
Found a robe.
A goblin comes into view. It is wielding a +0 club.
Found 24 gold pieces.
There is an empty arch of ancient stone here.
There is a faded altar of an unknown god here.
You cannot tell which god this altar belongs to.
Convert to them anyway?
Elyvilon accepts your prayer! Elyvilon welcomes you!
You can now provide lesser healing for yourself.
You can now call on Elyvilon to save your life.
There is a stone staircase leading up here.
You climb upwards.
The jackal bites you.
* * * LOW HITPOINT WARNING * * *
The jackal completely misses you.
There is a stone staircase leading down here.
You miss the jackal. The jackal completely misses you.
The jackal closely misses you.
You hit the jackal but do no damage. The jackal closely misses you.
You hit the jackal but do no damage. The jackal bites you.
You die...

#...........# .####
#.....†.....# .....(
#....>......# ......
+...........# #.....
#...........##
.....####†...........#
###.........#.#####..#
#.............# ##...##
#.....@h....#####..#.##
#...........####..####.
#...........##...##..#.
#..#.#'########...#....
#. #.#.# #.≈..≈≈.≈ #
#.#.# #.≈.≈≈≈≈≈ #
#.#########..≈≈≈≈≈
#...h.†.###..≈≈≈≈≈
#######..##..≈≈≈.≈


You could see a jackal.

Vanquished Creatures
  An adder (D:2)
  A dart slug (D:1)
  A hobgoblin (D:1)
  3 jackals
  A bat (D:1)
  A rat (D:1)
8 creatures vanquished.

Notes
Turn   | Place    | Note
-------+----------+-------------------------------------------
     0 | D:1      | ipx the Deep Elf Ice Elementalist began the quest for the
                  | Orb.
     0 | D:1      | Reached XP level 1. HP: 10/10 MP: 6/6
    26 | D:2      | Found a burning altar of Makhleb.
    47 | D:2      | Reached skill level 5 in Ice Magic
    47 | D:2      | Reached XP level 2. HP: 9/15 MP: 0/8
    95 | D:2      | Found a faded altar of an unknown god.
   108 | D:2      | Became a worshipper of Elyvilon the Healer
   108 | D:2      | Reached * piety under Elyvilon
   121 | D:1      | Slain by a jackal

Illustrated notes

Levels and vault maps discovered:
D:1:      dpeg_arrival_subterranean_lakeside_camping, layout_basic,
          serial_shops, nicolae_shop_behind_doors, kennysheep_pointless_box
D:2:      layout_basic, hellmonk_ecumenical_altar_arch_garden, basic_altar,
          uniq_terence

Skill      XL: |  1 |
---------------+----+-----
Ice Magic      | 5 |  5.2
Dodging        | |  2.4
Stealth        | |  2.4
Spellcasting   | |  3.0

Action                   || total
-------------------------++-------
Melee: Unarmed           ||     5
 Cast: Freeze            ||    14
Armor: Robe              ||     2
Dodge: Dodged            ||    12

Table legend: (Time is in decaauts)
 A = Elapsed time spent in this place.
 B = Non-inter-level travel time spent in this place.
 C = Inter-level travel time spent in this place.
 D = Time resting spent in this place.
 E = Time spent auto-exploring this place.
 F = Levels seen in this place.
 G = Mean time per level.
                   A        B        C        D        E       F      G
               +--------+--------+--------+--------+--------+-----+--------+
         Total |    126 |    118 |      8 |      0 |      0 |   2 |   63.0 |
       Dungeon |    126 |    118 |      8 |      0 |      0 |   2 |   63.0 |
               +--------+--------+--------+--------+--------+-----+--------+

Top non-repeatable levels by time:
     D:1: 89 daAuts
     D:2: 36 daAuts
